 Dungeon Crawl Stone Soup version 0.22-a0-280-g69bf1f3 (webtiles) character file.

830 GameOver the Sneak (level 7, 0/61 HPs)
             Began as a Naga Wizard on Mar 16, 2018.
             Slain by a bullfrog (8 damage)
             ... on level 6 of the Dungeon.
             The game lasted 00:25:55 (3747 turns).

GameOver the Sneak (Naga Wizard)                    Turns: 3747, Time: 00:25:56

Health: 0/61       AC: -3    Str: 10    XL:     7   Next: 97%
Magic:  1/11       EV: 15    Int: 20    God:
Gold:   225        SH:  0    Dex: 14    Spells: 6/12 levels left

rFire    + . .     SeeInvis +   v - +0 rapier
rCold    . . .     Gourm    .   (no shield)
rNeg     . . .     Faith    .   a - +0 robe
rPois    +         Spirit   .   b - +0 hat
rElec    .         Reflect  .   (no cloak)
rCorr    .         Harm     .   s - +0 pair of gloves
MR       .....                  (no barding)
Stlth    +++++.....             (no amulet)
HPRegen  0.20/turn              E - ring of protection from fire
MPRegen  0.12/turn              F - ring of stealth

@: agile, short of breath, corroded, hasted, drained, quick
A: large, see invisible, deformed body, poison resistance, slowness 2, slow
metabolism 1, spit poison 1, AC +2
a: Spit Poison


You were on level 6 of the Dungeon.
You were not hungry.

You visited 1 branch of the dungeon, and saw 6 of its levels.

You collected 225 gold pieces.

Inventory:

Hand Weapons
 f - a +0 flail of holy wrath
 h - a +0 whip
 j - a +0 mace
 o - a +0 flail
 t - a +1 dagger of venom
 v - a +0 rapier (weapon)
Missiles
 l - 55 bolts
Armour
 a - a +0 robe (worn)
 b - a +0 hat (worn)
 c - a +0 leather armour
 s - a +0 pair of gloves (worn)
Jewellery
 E - a ring of protection from fire (left hand)
 F - a ring of stealth (right hand)
Scrolls
 e - 3 scrolls of remove curse {unknown}
 i - 3 scrolls of teleportation {unknown}
 m - a scroll of immolation {unknown}
 p - a scroll of blinking {unknown}
 q - a scroll of enchant weapon {unknown}
 y - a scroll of fog {unknown}
 D - a scroll of amnesia {unknown}
Potions
 g - a potion of brilliance {unknown}
 k - a potion of might
 r - 2 potions of lignification
 u - a potion of curing
 w - a potion of heal wounds
 z - a potion of magic {unknown}
 A - a potion of resistance {unknown}
 B - a potion of degeneration {unknown}
Comestibles
 d - 10 rations
 n - 4 chunks of flesh


   Skills:
 + Level 2.4(1.9) Fighting
 - Level 1.4(1.0) Maces & Flails
 - Level 1.5(1.1) Dodging
 + Level 6.2(5.8) Stealth
 - Level 3.0(2.5) Spellcasting
 * Level 5.0(4.5) Conjurations
   Level 1.0(0.6) Summonings
 - Level 1.0(0.6) Translocations
 * Level 3.8(3.4) Air Magic
 + Level 3.5(3.1) Poison Magic


You had 6 spell levels left.
You knew the following spells:

 Your Spells              Type           Power        Failure   Level  Hunger
a - Magic Dart            Conj           ###.         2%          1    None
b - Blink                 Tloc           N/A          17%         2    ##.....
s - Mephitic Cloud        Conj/Pois/Air  ###.....     10%         3    ###....


Dungeon Overview and Level Annotations

Branches:
Dungeon (6/15)
 Temple: D:4-7

Altars:
Cheibriados
Gozag
Kikubaaqudgha
Makhleb
Ru
The Shining One


Innate Abilities, Weirdness & Mutations

You cannot wear boots.
Your serpentine skin is tough. (AC +2)
You have supernaturally acute eyesight. (SInv)
Armour fits poorly on your strangely shaped body.
Your system is resistant to poisons. (rPois)
You cover ground very slowly.
You have a slow metabolism.
You can spit poison.


Message History

You blink.
Casting: Blink (safe; 17% risk of failure)
Confirm with . or Enter, or press ? or * to list all spells.
You blink.
A bullfrog and an orc come into view.
The bullfrog gives a loud, deep croak!
You hear a shout!
There is an escape hatch in the floor here.
The bullfrog completely misses you. The bullfrog closely misses you.
You slide downwards.
The hatch slams shut behind you.
Found 33 gold pieces, a leather armour, a shortbow and a chain mail.
Found five altars.
Press: ? - help, Shift-Dir - straight line, f - bullfrog
Aim: a bullfrog The splash of poison misses the bullfrog.
You feel slightly more hungry. The bullfrog hits you!
* * * LOW HITPOINT WARNING * * *
You feel yourself speed up. The bullfrog hits you.
* * * LOW HITPOINT WARNING * * *
The bullfrog hits you!
You die...

..[ .$.... ..
#..# ....##
..#
#....._...##..
...._ .......
##.........#
......♣.._.#
#....F..$.#+##
#._..@_......
#............
###...#......
............
..####. .[.).
.#.. .#.....
... .. .... .#
#. ....


You could see a bullfrog.

Vanquished Creatures
  Eustachio (D:4)
  An ogre (D:4)
  A bullfrog (D:4)
  2 scorpions (D:4)
  2 orc priests (D:4)
  2 orc wizards (D:4)
  4 worker ants (D:4)
  9 adders
  A howler monkey skeleton (D:4)
  A shadow imp (D:2)
  3 oozes
  An adder zombie (D:5)
  3 worms
  A dart slug (D:2)
  3 leopard geckos
  8 orcs
  7 bats
  8 giant cockroaches
  7 goblins
  10 hobgoblins
  11 jackals
  A quokka (D:3)
  A ball python (D:2)
  8 frilled lizards
  11 kobolds
  3 rats (D:2)
110 creatures vanquished.

Notes
Turn   | Place    | Note
-------+----------+-------------------------------------------
     0 | D:1      | GameOver the Naga Wizard began the quest for the Orb.
     0 | D:1      | Reached XP level 1. HP: 15/15 MP: 4/4
    67 | D:1      | Reached XP level 2. HP: 12/22 MP: 0/6
   303 | D:1      | Reached XP level 3. HP: 8/28 MP: 0/7
   421 | D:1      | Learned a level 2 spell: Blink
   425 | D:1      | Learned a level 3 spell: Mephitic Cloud
   896 | D:2      | Reached skill level 1 in Maces & Flails
   900 | D:2      | Reached skill level 4 in Stealth
   951 | D:2      | Reached XP level 4. HP: 30/36 MP: 0/8
  1222 | D:2      | Reached skill level 1 in Air Magic
  1303 | D:2      | Reached skill level 1 in Poison Magic
  1464 | D:2      | Reached XP level 5. HP: 34/42 MP: 9/9
  2257 | D:4      | Noticed Eustachio
  2283 | D:4      | Noticed an ogre
  2286 | D:4      | Killed Eustachio
  2286 | D:4      | Reached skill level 1 in Fighting
  2286 | D:4      | Reached skill level 5 in Stealth
  2286 | D:4      | Reached XP level 6. HP: 31/51 MP: 4/10
  2295 | D:4      | Reached XP level 7. HP: 15/57 MP: 5/11
  2957 | D:4      | Reached skill level 6 in Stealth
  3536 | D:5      | Entered Level 5 of the Dungeon
  3545 | D:4      | Reached skill level 5 in Conjurations
  3666 | D:5      | Found a glowing golden altar of the Shining One.
  3745 | D:6      | Found a snail-covered altar of Cheibriados.
  3745 | D:6      | Found a sacrificial altar of Ru.
  3745 | D:6      | Found an opulent altar of Gozag.
  3745 | D:6      | Found an ancient bone altar of Kikubaaqudgha.
  3745 | D:6      | Found a burning altar of Makhleb.
  3747 | D:6      | Slain by a bullfrog

Vault maps used:
D:1:      dpeg_arrival_line_fractal
D:2:      first_ration
D:4:      cheibrodos_helix_gallery, uniq_eustachio
D:5:      kennysheep_big_flooded_room, serial_shops, shop,
          nicolae_tso_carved_into_rock
D:6:      grunt_temple_overflow_open, serial_glass, glass_columns_a,
          glass_columns_a, glass_columns_b, glass_columns_a, glass_columns_c,
          glass_columns_a

Skill      XL: |  1  2  3  4  5  6  7 |
---------------+----------------------+-----
Conjurations   | 2 3 4 5 |  5.0
Maces & Flails | 1 |  1.4
Stealth        | 4 5 6 |  6.2
Air Magic      | 1 2 3 |  3.8
Poison Magic   | 1 2 3 |  3.5
Fighting       | 1 2 |  2.4
Dodging        | |  1.5
Spellcasting   | |  3.0
Summonings     | |  1.0
Translocations | |  1.0

Action                   |  1- 3 |  4- 6 |  7- 9 || total
-------------------------+-------+-------+-------++-------
Melee: Whip              |    11 |    26 |     1 ||    38
       Dagger            |       |    36 |    49 ||    85
       Flail             |       |       |     4 ||     4
       Rapier            |       |       |     1 ||     1
 Cast: Magic Dart        |    47 |    47 |    52 ||   146
       Mephitic Cloud    |       |     2 |     5 ||     7
       Blink             |       |       |     5 ||     5
 Abil: Spit Poison       |    28 |    28 |    24 ||    80
  Use: Potion            |     1 |     1 |     2 ||     4
       Scroll            |       |     4 |     1 ||     5
 Stab: Sleeping          |       |     2 |     1 ||     3
       Confused          |       |       |     1 ||     1
  Eat: Chunk             |     1 |     5 |     7 ||    13
Armor: Robe              |     7 |     8 |     8 ||    23
Dodge: Dodged            |    20 |    33 |    26 ||    79

Table legend:
 A = Spawn XP
 B = Non-spawn XP
 C = Spawn XP percentage of total XP
 D = Spawn monster count
 E = Non-spawn monster count
 F = Spawn count percentage of total count
 G = Total turns spent on level
                    A         B        C        D         E        F      G
               +---------+---------+-------+---------+---------+-------+---------
         Total |       0 |    1187 |   0.0 |       0 |     110 |   0.0 |  3747
               +---------+---------+-------+---------+---------+-------+---------
           D:1 |       0 |      39 |   0.0 |       0 |      22 |   0.0 |   825
           D:2 |       0 |     127 |   0.0 |       0 |      32 |   0.0 |   827
           D:3 |       0 |      45 |   0.0 |       0 |      16 |   0.0 |   598
           D:4 |       0 |     941 |   0.0 |       0 |      31 |   0.0 |  1333
           D:5 |       0 |      35 |   0.0 |       0 |       9 |   0.0 |   162
               +---------+---------+-------+---------+---------+-------+---------
